 Dungeon Crawl Stone Soup version 0.22-a0-515-g75794bf (webtiles) character file.

289 pk666 the Magician (level 6, -2/32 HPs)
             Began as a Deep Elf Fire Elementalist on June 20, 2018.
             Slain by a worker ant (5 damage)
             ... on level 4 of the Dungeon.
             The game lasted 00:07:01 (3229 turns).

pk666 the Magician (Deep Elf Fire Elementalist)     Turns: 3229, Time: 00:07:02

Health: -2/32      AC:  3    Str:  5    XL:     6   Next: 9%
Magic:  15/15      EV: 13    Int: 22    God:
Gold:   99         SH:  0    Dex: 15    Spells: 2/15 levels left

rFire    + . .     SeeInvis .   (no weapon)
rCold    . . .     Gourm    .   (no shield)
rNeg     . . .     Faith    .   a - +1 robe
rPois    .         Spirit   .   (helmet restricted)
rElec    .         Reflect  .   (no cloak)
rCorr    .         Harm     .   (no gloves)
MR       .....                  (no boots)
Stlth    +.........             (no amulet)
HPRegen  0.00/turn              (no ring)
MPRegen  0.14/turn              (no ring)

@: confused, lethally poisoned (-2 -> -8)
A: antennae 1, talons 1, fire resistance 1, inhibited regeneration
a: no special abilities


You were on level 4 of the Dungeon.
You were not hungry.

You visited 1 branch of the dungeon, and saw 4 of its levels.

You collected 99 gold pieces.

Inventory:

Armour
 a - a +1 robe (worn)
Jewellery
 i - a cursed -3 ring of protection {unknown}
Scrolls
 b - a scroll of remove curse
 d - 2 scrolls of enchant armour
 e - a scroll of fog {unknown}
 h - a scroll of magic mapping {unknown}
 j - 2 scrolls of identify {unknown}
Potions
 g - a potion of cancellation
 m - a potion of might {unknown}
Comestibles
 c - 8 rations


   Skills:
 - Level 2.4 Dodging
 - Level 2.4 Stealth
 + Level 5.0 Spellcasting
 * Level 4.8 Conjurations
 + Level 4.6 Fire Magic


You had 2 spell levels left.
You knew the following spells:

 Your Spells              Type           Power        Failure   Level  Hunger
a - Flame Tongue          Conj/Fire      ####.        1%          1    None
b - Sticky Flame          Conj/Fire      ####....     14%         4    ####...
c - Conjure Flame         Conj/Fire      ####....     4%          3    ##.....
z - Fireball              Conj/Fire      ####......   36%         5    #####..

Your spell library contained the following spells:

 Spells                   Type           Power        Failure   Level  Hunger
 Throw Flame              Conj/Fire      ####..       2%          2    None
 Inner Flame              Hex/Fire       ###.....     12%         3    ##.....


Dungeon Overview and Level Annotations

Branches:
Dungeon (4/15)
 Temple: D:4-7

Altars:
Nemelex Xobeh


Innate Abilities, Weirdness & Mutations

You have a pair of small antennae on your head.
You have sharp toenails.
Your flesh is heat resistant. (rF+)
You do not regenerate when monsters are visible.


Message History

* * * LOW HITPOINT WARNING * * *
You feel sick.
Found 18 sling bullets.
It was a potion of cancellation.
You feel magically purged.
* * * LOW HITPOINT WARNING * * *
You feel sick. The worker ant closely misses you. The worker ant bites you.
* * * LOW HITPOINT WARNING * * *
It was a potion of ambrosia.
You are confused.
You feel invigorated.
The worker ant waves its antennae.
The worker ant bites you.
* * * LOW HITPOINT WARNING * * *
The orc hits you but does no damage.
It was a potion of mutation.
You feel extremely strange.
Your regeneration stops near monsters.
You feel resistant to heat. A pair of antennae grows on your head!
Your toenails lengthen and sharpen.
* * * LOW HITPOINT WARNING * * *
You feel sick. The worker ant bites you.
You die...

#...........#.......
#...........##...... #.
#............###....
######. #............##
... .....%.
#..........<รท.# ..
....... #.............# #
....... #............##
....... #............#
......o####..a@........#
.......o.##..o........#.
.......#..#o.o..........
.......##.o..........#.##
....... ###..........(
....... ###.......#.
....... ##.###### ......#
..# .....# ##


You could see a worker ant, an orc priest and 3 orcs.

Vanquished Creatures
  2 jellies (D:2)
  An orc priest (D:3)
  8 adders
  8 oozes (D:2)
  An adder skeleton (D:4)
  A worm (D:3)
  4 dart slugs
  3 orcs (D:3)
  7 goblins
  15 hobgoblins
  A quokka (D:2)
  2 ball pythons
  10 bats
  3 frilled lizards (D:1)
  A jackal skeleton (D:2)
  15 kobolds
  2 rats
84 creatures vanquished.

Vanquished Creatures (others)
  9 toadstools (D:2)
9 creatures vanquished.

Grand Total: 93 creatures vanquished

Notes
Turn   | Place    | Note
-------+----------+-------------------------------------------
     0 | D:1      | pk666 the Deep Elf Fire Elementalist began the quest for the Orb.
     0 | D:1      | Reached XP level 1. HP: 10/10 MP: 6/6
   122 | D:1      | Reached XP level 2. HP: 15/15 MP: 2/8
   623 | D:1      | Found a sparkling altar of Nemelex Xobeh.
   731 | D:1      | Reached XP level 3. HP: 19/19 MP: 3/10
  1338 | D:2      | Reached XP level 4. HP: 23/24 MP: 2/11
  1874 | D:2      | Reached skill level 4 in Spellcasting
  2059 | D:2      | Learned a level 4 spell: Sticky Flame
  2063 | D:2      | Learned a level 3 spell: Conjure Flame
  2227 | D:2      | Reached XP level 5. HP: 28/28 MP: 9/13
  2713 | D:3      | Found a sparkling altar of Nemelex Xobeh.
  2989 | D:3      | Reached XP level 6. HP: 32/32 MP: 9/15
  3000 | D:3      | Learned a level 5 spell: Fireball
  3182 | D:4      | Noticed a slave
  3216 | D:4      | Reached skill level 5 in Spellcasting
  3228 | D:4      | HP: 1/32 [worker ant (4)]
  3229 | D:4      | Gained mutation: You do not regenerate when monsters are visible. [potion of mutation]
  3229 | D:4      | Gained mutation: Your flesh is heat resistant. (rF+) [potion of mutation]
  3229 | D:4      | Gained mutation: You have a pair of small antennae on your head. [potion of mutation]
  3229 | D:4      | Gained mutation: You have sharp toenails. [potion of mutation]
  3229 | D:4      | Slain by a worker ant

Vault maps used:
D:1:      matt_arrival_diagonals, nemelex_diamond_rough_becter
D:2:      cheibrodos_fertilizer
D:3:      nemelex_xobeh_ov_fountains_minmay
D:4:      gup_sewer_entry_pipe, first_ration, serial_shops, shop, uniq_pikel,
          uniq_natasha

Skill      XL: |  1  2  3  4  5  6 |
---------------+-------------------+-----
Conjurations   | 2 3 4 |  4.8
Spellcasting   | 4 5 |  5.0
Fire Magic     | 4 |  4.6
Dodging        | |  2.4
Stealth        | |  2.4

Action                   |  1- 3 |  4- 6 || total
-------------------------+-------+-------++-------
 Cast: Flame Tongue      |    72 |    72 ||   144
       Conjure Flame     |       |     3 ||     3
  Use: Potion            |     2 |     3 ||     5
       Scroll            |     3 |       ||     3
  Eat: Chunk             |     1 |     6 ||     7
Armor: Robe              |     9 |     2 ||    11
Dodge: Dodged            |    16 |     7 ||    23

Table legend:
 A = Spawn XP
 B = Non-spawn XP
 C = Spawn XP percentage of total XP
 D = Spawn monster count
 E = Non-spawn monster count
 F = Spawn count percentage of total count
 G = Total turns spent on level
                    A         B        C        D         E        F      G
               +---------+---------+-------+---------+---------+-------+---------
         Total |       0 |     414 |   0.0 |       0 |      84 |   0.0 |  3229
               +---------+---------+-------+---------+---------+-------+---------
           D:1 |       0 |      47 |   0.0 |       0 |      27 |   0.0 |  1121
           D:2 |       0 |     215 |   0.0 |       0 |      38 |   0.0 |  1282
           D:3 |       0 |     121 |   0.0 |       0 |      16 |   0.0 |   760
           D:4 |       0 |      31 |   0.0 |       0 |       3 |   0.0 |    66
               +---------+---------+-------+---------+---------+-------+---------
